← All builds
Geo / Cortex / Economy first / OBSERVED BUILD

Standard geo

Cortex Geo build order · Supreme Isthmus

Standard Cortex Geo play: fast geothermal and advanced geothermal into T2 bot lab, blowing up the commander for T2 and supplying teammates with constructors and rez bots while bringing Sheldons and other T2 bots to front.

Usually blows up the commander for T2 (71%)

#eco #t2 #team support · 248 distinct matches · 92 players · 32% of Cortex Geo games · team won 44% of 254 · Recently observed

THE CATCH, AND WHAT COMES WITH IT
  • ArbiterArbiter in 41%18% of all Geo games by then
  • SumoSumo in 40%16% of all Geo games by then

Then transitions into Sheldon (25% of army), Sumo (9% of army), Arbiter (8% of army).

HOW TO PLAY IT

Key timing: T2 bot lab by 8:03

  1. Open 3 mex into early Bot Lab and solar.
  2. Bring geothermal online fast to fund the tech rush.
  3. Finish Advanced Bot Lab to unlock T2 bot units.
  4. Push Sheldon (and Arbiter, Sumo) to front as the first T2 units.
  5. Switch into T2 construction bots to supply allies with T2 cons.

Phase by phase

TYPICAL OF ITS 248 GAMES · AGAINST STANDARD GEO
  1. 1
  2. 2
  3. 3
  4. 4
PLAY THE OPENING

Follow the example game's first 6:00 step by step: what to build now, what comes next, and where it goes. At 1× it keeps pace with your own game.

  1. 1

    Up to the Bot Lab

    Economy
    • Metal Extractor3Mex
    • Wind Turbine4Wind
    Order
    1. Bot LabBot Lab after 3 mex, 4 winddone ~1:13, middle half 0:57–1:23

    By 0:56 in all: 3 mex · 4 wind

    The example game in this phase · 7 steps
    1. Mex ×2
    2. Wind
    3. Mex
    4. Wind ×3
    5. Energy storage
    6. Wind
    7. Bot LabBot Labdone 1:34 · typical 1:13
  2. 2

    Bot Lab to 5:00

    Economy
    • Metal Extractor1Mex
    • Wind Turbine4Wind−4 vs standard
    • Energy Converter8Converter
    • Energy Storage1Energy storage
    Order
    1. Geothermal PowerplantGeo after 4 mex, 6 wind, 1 energy storage
    2. Bot LabEat Bot Lab
    Builders
    • Construction Turret5 Con turret +3 vs standard
    • Graverobber4 Graverobber
    • Construction Bot2 Con bot
    • Construction Bot1 Con bot for allies
    • Graverobber1 Graverobber for allies

    By 5:00 in all: 4 mex · 7 wind (standard 10) · 1 geo · 8 converter · 1 energy storage · 5 con turret (standard 2)

    The example game in this phase · 29 steps
    1. Wind
    2. GraverobberGraverobber ×3
    3. GraverobberGraverobberfor Beach sea
    4. Construction BotCon bot
    5. Construction BotCon botfor Beach sea
    6. Construction BotCon bot ×2
    7. Mex
    8. GraverobberGraverobber
    9. Geothermal PowerplantGeodone 3:43 · typical 3:25
    10. Bot LabEat Bot Labreclaimed for its metal
    11. Wind
    12. Con turret
    13. Converter
    14. Radar TowerRadar Tower
    15. Wind
    16. GuardGuard
    17. Con turret
    18. Converter ×2
    19. Wind
    20. Converter
    21. Con turret
    22. Wind
    23. GuardGuard
    24. Converter
    25. Bot LabBot Labdone 4:54
    26. Wind
    27. Converter
    28. Con turret
    29. GruntGrunt
  3. 3

    5:00 to Advanced Bot Lab

    Economy
    • Wind Turbine3Wind
    • Energy Converter2Converter
    Order
    1. Advanced Geothermal PowerplantAdvanced Geothermal Powerplant after 9 wind, 12 converter, 6 con turretin 61% of games
    2. Advanced Bot LabAdvanced Bot Lab after 13 wind, 12 converter, 6 con turretdone ~7:55, middle half 7:31–8:28

    Some games also: con turret (50%)

    By 7:15 in all: 4 mex · 12 wind · 1 geo · 1 Advanced Geothermal Powerplant · 12 converter (standard 8) · 1 energy storage

    The example game in this phase · 38 steps
    1. GruntGrunt
    2. Wind
    3. GruntGrunt ×4
    4. GruntGrunt ×6for Suicide front
    5. Wind
    6. GruntGruntfor Suicide front
    7. Wind
    8. GruntGruntfor Suicide front
    9. GuardGuard
    10. GruntGrunt ×2for Suicide front
    11. Wind
    12. Converter
    13. Wind
    14. GruntGruntfor Suicide front
    15. Wind ×2
    16. Converter
    17. Advanced Metal ExtractorT2 mexdone 6:37 · typical 5:38
    18. GruntGrunt
    19. Bot LabEat Bot Labreclaimed for its metal
    20. Wind ×2
    21. Advanced Metal ExtractorT2 mex
    22. Wind ×4
    23. Converter
    24. Wind
    25. GuardGuard
    26. Converter
    27. Advanced Metal ExtractorT2 mex
    28. Converter
    29. Wind
    30. Converter
    31. PrudePrudedone 8:19
    32. Converter ×2
    33. Con turret
    34. Converter
    35. Con turret
    36. Advanced Metal ExtractorT2 mex
    37. Con turret ×2
    38. Advanced Bot LabAdvanced Bot Labdone 8:52 · typical 7:55
  4. 4

    Advanced Bot Lab to 10:00

    Economy
    • Energy Converter3Converter+3 vs standard
    Army
    • Sheldon3 Sheldon +3 vs standard
    • Augur1 Radar bot

    Some games also: jammer bot (49%) · T2 con bot for allies (46%) · wind (39%) · con turret (36%) · crawling bomb (33%)

    By 10:00 in all: 4 mex · 17 wind · 1 geo · 1 Advanced Geothermal Powerplant · 16 converter (standard 10) · 1 energy storage

    The example game in this phase · 146 steps
    1. Converter
    2. Wind
    3. Advanced Construction BotT2 con botfor Front
    4. Converter
    5. Wind ×2
    6. Converter
    7. Wind
    8. Advanced Construction BotT2 con bot
    9. Wind ×2
    10. Converter
    11. AugurRadar bot
    12. Wind
    13. Converter
    14. DeceiverJammer bot
    15. Wind
    16. Converter
    17. SheldonSheldondone 9:31 · typical 8:41
    18. Converter
    19. Wind
    20. Converter
    21. SheldonSheldon
    22. Bot LabBot Labdone 9:36
    23. Wind
    24. GraverobberGraverobber ×2
    25. Converter
    26. GraverobberGraverobber ×3
    27. SheldonSheldon
    28. Bot LabEat Bot Labreclaimed for its metal
    29. Converter
    30. Wind
    31. SheldonSheldon
    32. Wind
    33. Converter
    34. SkuttleCrawling bombdone 10:30
    35. Wind
    36. Converter ×2
    37. SheldonSheldon
    38. Wind
    39. Converter
    40. SheldonSheldon
    41. Wind ×2
    42. SheldonSheldon
    43. Wind ×3
    44. SheldonSheldon
    45. Wind ×2
    46. ArbiterArbiterdone 11:20
    47. Converter
    48. Wind ×2
    49. ArbiterArbiter
    50. Wind ×2
    51. ArbiterArbiter
    52. Wind ×2
    53. Converter
    54. ArbiterArbiter
    55. Wind
    56. ArbiterArbiter
    57. Wind
    58. ArbiterArbiter
    59. GuardGuard
    60. Wind
    61. SheldonSheldon
    62. Wind
    63. SheldonSheldon
    64. Wind
    65. Fusion ReactorFusionnot finished by 15:00
    66. SheldonSheldon
    67. Converter
    68. Wind ×2
    69. AugurRadar bot
    70. FiendFiend
    71. Wind ×3
    72. Converter
    73. FiendFiend
    74. Wind
    75. FiendFiend ×5
    76. Converter
    77. FiendFiend ×3
    78. Wind
    79. FiendFiend ×2
    80. Wind
    81. FiendFiend
    82. Wind
    83. FiendFiend
    84. Converter
    85. Wind
    86. FiendFiend
    87. Bot LabBot Labdone 14:05
    88. FiendFiend
    89. Wind
    90. Bot LabBot Labdone 14:19
    91. FiendFiend
    92. PawnPawn
    93. Wind
    94. FiendFiend
    95. PawnPawn
    96. FiendFiend
    97. ValiantValiant
    98. PawnPawn
    99. Wind
    100. SentrySentry
    101. FiendFiend
    102. ValiantValiant
    103. FinchFinch
    104. PawnPawn
    105. ValiantValiant
    106. FiendFiend
    107. Wind
    108. GruntGrunt
    109. Aircraft PlantAircraft Plantdone 14:31
    110. ValiantValiant
    111. PawnPawn
    112. Converter
    113. Wind
    114. FiendFiend
    115. Wind
    116. GruntGrunt
    117. Fusion ReactorFusionnot finished by 15:00
    118. ValiantValiant
    119. Con turret
    120. FiendFiend
    121. PawnPawn
    122. Wind
    123. Wind
    124. GruntGrunt
    125. Con turret
    126. FiendFiend
    127. PawnPawn
    128. Wind
    129. Pit BullPit Bull
    130. ValiantValiant
    131. Converter
    132. GruntGrunt
    133. Converter
    134. PawnPawn
    135. Wind
    136. FiendFiend
    137. Con turret
    138. Wind
    139. GruntGrunt
    140. Wind
    141. FiendFiend
    142. PawnPawn
    143. Con turret
    144. ValiantValiant
    145. Wind
    146. GruntGrunt

Counts are medians over the build's games: half of them build more, half fewer. The example game is [Grump]Grumpiness's (47 OS, 14/10/2026); pick another.

Team trades

IN AT LEAST 30% OF ITS GAMES

You hand over

  • Graverobber1 Graverobber to Beach seafirst at 2:20 · in 80% of games
  • Construction Bot1 Con bot to Beach seafirst at 2:36 · in 88% of games
  • Advanced Construction Bot1 T2 con bot to Suicide front or Frontfirst at 8:39 · in 55% of games

You get

  • Advanced Construction Bot1 T2 con bot from Techfirst at 4:55 · in 93% of games

How it plays out

Typical game of this build, running totals by minute

Metal produced

020k40k
0:005:0010:0015:00

metal

Enemy metal destroyed

05k10k
0:005:0010:0015:00

metal

Own metal lost

02k4k6k
0:005:0010:0015:00

metal

254 games.

Show as table
ByMetal produced: This buildEnemy metal destroyed: This buildOwn metal lost: This build
1:0034200
2:0087100
3:00150000
4:00266300
5:00369000
6:00558600
7:00789100
8:001096100
9:00138762147
10:0016784296185
11:00196101102738
12:002268522331443
13:002555140392394
14:002841358094294
15:003135178625693
WHAT THE NUMBERS SAY

Standard geo play wins less than half its games but builds a big eco lead, reaching nearly 31.5k metal production by 15:00.

  • + Metal production hits 16919 by 10:00, well ahead of most roles.
  • + Own metal lost stays near zero (260) by 10:00, a very safe tech rush.
  • − Team wins under half of games (46%).
  • − Enemy metal destroyed stays low (423) by 10:00, showing slow early impact.
THE EXAMPLE YOU ARE READING

[Grump]Grumpiness

47.4 OS · 14/10/2026

Open source match ↗

342 received units · includes a constructor
1315 metal received · 93701 energy received

Allied construction assistance is unknown. Timings are observations, not a promise of solo reproducibility.

Typical milestones

Bot Lab1:13Middle 50%: 0:57–1:23 · n=253
Geothermal Powerplant3:25Middle 50%: 3:09–3:44 · n=253
Advanced Metal Extractor5:38Middle 50%: 5:20–6:04 · n=235
Advanced Geothermal Powerplant7:17Middle 50%: 6:53–7:46 · n=171
Advanced Bot Lab7:55Middle 50%: 7:31–8:28 · n=200
Sheldon8:41Middle 50%: 8:04–9:16 · n=170

Played most by

_Hawkey_20games of this buildzeus_on_god13games of this buildRogShotz12games of this buildGodmother139games of this buildViltrum9games of this build